 Dungeon Crawl Stone Soup version 0.19.0-20-gbc5f0c6 (webtiles) character file.

213255 dvd the Basher (level 18, -8/174 HPs)
             Began as a Troll Warper on Nov 13, 2016.
             Was the Champion of Ashenzari.
             Shot with an arrow by a centaur warrior (16 damage)
             ... on level 1 of the Vaults on Nov 18, 2016.
             The game lasted 03:47:23 (41262 turns).

dvd the Basher (Troll Warper)                      Turns: 41262, Time: 03:47:24

Health: -8/174     AC: 20    Str: 22    XL:     18   Next: 26%
Magic:  0/30       EV: 16    Int: 13    God:    Ashenzari [******]
Gold:   1293       SH:  8    Dex: 11    Spells: 12 memorised, 6 levels left

rFire  + + .     SeeInvis +     N - +8 whip "Snakebite" {curare, rPois} (curse)
rCold  + . .     Gourm    +     C - +4 troll leather armour (curse)
rNeg   . . .     Faith    .     (no shield)
rPois  +         Spirit   +     V - +2 hat {Spirit} (curse)
rElec  +         Reflect  +     W - +0 cloak (curse)
rCorr  +         Harm     .     (gloves unavailable)
MR     +....     Clarity  +     (boots unavailable)
Stlth  ++++......               E - brooch of Shielding {Reflect SH+8} (curse)
                                l - ring of protection from fire (curse)
                                h - +5 ring of protection (curse)

@: resistant (expiring), marked, portal projectile, very slightly contaminated
A: unfitting armour, claws 3, agile 1, dopey 1, fast metabolism 3, gourmand,
mutation resistance 1, regeneration 2, screaming 1, shaggy fur 1, tough skin 2,
weak 1, no device heal 2, subdued magic 1
a: Curse Item, Scrying, Transfer Knowledge, Renounce Religion
}: 1/15 runes: serpentine


You were on level 1 of the Vaults.
You worshipped Ashenzari.
Ashenzari was exalted by your worship.
You were completely stuffed.

You visited 6 branches of the dungeon, and saw 29 of its levels.
You visited the Abyss 1 time.
You also visited: Bailey and Ice Cave.

You collected 2844 gold pieces.
You spent 1551 gold pieces at shops.

Inventory:

Hand Weapons
 a - the +6 halberd of Change {speed, rC+}
   (You found it in an ice cave)

   Attacks with this weapon are significantly faster.
   It protects you from cold.
 N - the cursed +8 whip "Snakebite" (weapon) {curare, rPois}
   (You found it on level 1 of the Lair of Beasts)

   It poisons the flesh of those it strikes.
   It protects you from poison.
   It has a curse placed upon it.
Missiles
 s - a steel tomahawk (quivered)
 A - 36 tomahawks
 H - 4 javelins of penetration
 U - 4 poisoned javelins
Armour
 b - a +2 animal skin of cold resistance
 C - a cursed +4 troll leather armour (worn)
 V - a cursed +2 hat of spirit shield (worn)
 W - a cursed +0 cloak (worn)
 Z - +0 pearl dragon scales
Jewellery
 e - the cursed ring of the Ban {rN+ MR+ MP+9}
   (You acquired it in an ice cave)

   [ring of positive energy]

   It protects you from negative energy.
   It affects your resistance to hostile enchantments.
   It affects your magic capacity (+9).
   It has a curse placed upon it.
 h - a cursed +5 ring of protection (left claw)
 l - a cursed ring of protection from fire (right claw)
 w - the ring of Shaolin {EV+8}
   (You found it in an ice cave)

   [ring of evasion]

   It affects your evasion (+8).
 D - an uncursed ring of protection from magic
 E - the cursed brooch of Shielding (around neck) {Reflect SH+8}
   (You bought it in a shop on level 2 of the Orcish Mines)

   [amulet of reflection]

   It shields you and reflects attacks.
   It affects your SH (+8).
   It has a curse placed upon it.
 Q - a cursed ring of protection from cold
Wands
 r - a wand of slowing (14/48)
 u - a wand of iceblast (9/15)
 z - a wand of lightning (7/15)
 J - a wand of enslavement (14/24)
 O - a wand of confusion (8/48)
 R - a wand of paralysis (16/24)
 S - a wand of teleportation (2/9)
 Y - a wand of paralysis (7/24)
Scrolls
 d - 5 scrolls of blinking
 k - 10 scrolls of identify
 n - 4 scrolls of recharging
 t - 3 scrolls of magic mapping
 x - 10 scrolls of enchant weapon
 y - 4 scrolls of fog
 G - 4 scrolls of remove curse
 M - 7 scrolls of teleportation
Potions
 g - 3 potions of might
 j - 7 potions of curing
 o - 7 potions of brilliance
 p - 3 potions of invisibility
 v - 3 potions of flight
 F - 6 potions of heal wounds
 K - 5 potions of agility
 T - a potion of ambrosia
 X - a potion of cancellation
Books
 B - a book of Conjurations

   Spells                             Type                      Level
   a - Magic Dart                     Conjuration                  1
   b - Searing Ray                    Conjuration                  2
   c - Dazzling Spray                 Conjuration/Hexes            3
   d - Fulminant Prism                Conjuration/Hexes            4
   e - Iskenderun's Mystic Blast      Conjuration                  4
   f - Iskenderun's Battlesphere      Conjuration/Charms           5
Comestibles
 c - 11 chunks of flesh
 f - 21 bread rations
 i - 12 beef jerkies
 m - 20 fruits
 q - 17 meat rations


   Skills:
 + Level 10.1 Fighting
 + Level 12.6(16.7) Maces & Flails
 + Level 3.9 Throwing
 + Level 5.8 Armour
 + Level 10.3(14.5) Dodging
 + Level 4.2(8.5) Stealth
   Level 5.0 Shields
 + Level 9.9 Spellcasting
 + Level 2.1(5.5) Conjurations
 + Level 6.4(11.0) Charms
 + Level 5.6(10.1) Summonings
 + Level 8.2(12.6) Translocations
 + Level 1.0(3.5) Air Magic
 + Level 5.8(10.3) Earth Magic
 + Level 2.4(6.0) Evocations


You had 6 spell levels left.
You knew the following spells:

 Your Spells              Type           Power        Failure   Level  Hunger
a - Shroud of Golubria    Chrm/Tloc      ####......   1%          2    None
b - Blink                 Tloc           N/A          1%          2    None
c - Portal Projectile     Tloc           ####..       1%          3    ##.....
d - Call Imp              Summ           ####....     1%          2    None
e - Teleport Other        Tloc           ####....     1%          3    ##.....
f - Sandblast             Erth           ####..       1%          1    None
g - Call Canine Familiar  Summ           ####....     1%          3    ##.....
h - Stone Arrow           Conj/Erth      ###...       1%          3    ##.....
i - Song of Slaying       Chrm           ####....     1%          2    None
j - Force Lance           Conj/Tloc      ###.....     2%          4    ####...
k - Repel Missiles        Chrm/Air       ###...       1%          2    None
l - Lesser Beckoning      Tloc           ####......   1%          3    ##.....


Dungeon Overview and Level Annotations

Branches:
Dungeon (15/15)            Temple (1/1) D:6            Lair (6/6) D:9
 Shoals (0/4) Lair:3        Snake (4/4) Lair:3        Slime (0/5) Lair:6
    Orc (2/2) D:11            Elf (0/3) Orc:2        Vaults (1/5) D:14
 Depths (0/5) D:15

Altars:
Ashenzari
Cheibriados
Dithmenos
Elyvilon
Fedhas
Gozag
Hepliaklqana
Kikubaaqudgha
Makhleb
Nemelex Xobeh
Okawaru
Qazlal
Ru
Sif Muna
Trog
Uskayaw
Vehumet
Xom
Yredelemnul
Zin
The Shining One
Beogh
Jiyva

Shops:
Orc:2 :(*[=

Annotations:
D:2 Crazy Yiuf


Innate Abilities, Weirdness & Mutations

You are too large for most types of armour.
You have claws for hands.
Your metabolism is lightning-fast.
You like to eat raw meat.
You heal very quickly.
You are covered in fur. (AC +1)
You have very tough skin. (AC +2)
You are agile. (Dex +2)
You are dopey. (Int -2)
You are somewhat resistant to further mutation.
You occasionally shout uncontrollably at your foes.
You are weak. (Str -2)
Potions and wands are poor at restoring your health.
Your spells are a little easier to cast, but a little less powerful.


Message History

The centaur warrior wields a longbow.
The centaur warrior shoots an arrow.
The arrow hits you but does no damage.
A deep elf death mage comes into view.
Ashenzari warns you: It is wielding a long sword of holy wrath.
The deep elf death mage beckons forth a restless soul! 2 centaur warriors, 2 yaktaurs and a vault warden come into view.
Ashenzari warns you: A yaktaur is carrying an arbalest of flaming.
A centaur warrior is wielding a shortbow of velocity.
You see here 2 arrows.
Your system partially rejects the healing.
You feel much better.
The centaur warrior shoots an arrow.
The arrow hits you!
* * * LOW HITPOINT WARNING * * *
x2 You block the ettin's attack.
The ettin hits you but does no damage.
The yaktaur wields an arbalest of flaming.
It bursts into flame!
The yaktaur shoots a bolt.
You reflect the bolt off an invisible shield around you!
The bolt hits the yaktaur!!
The bolt burns the yaktaur.
The vault sentinel casts a spell at you.
A sentinel's mark forms upon you.
The centaur warrior shoots an arrow.
The arrow hits you!
You die...

**,,,#.,.*#(....#
.#.*#.....# * *...
#.....# **
{*##.###.....#
,*##W*#(${ #...*.#
* * * * ,
#.c{######...c.#**
* * , ,,
#C.{{(.'..pe.# ,
,,*, , , ,* ,
#.pC######(....#, ,
+ ,,, , ##,
#(((*#.cp.@#,,,,,,*
, , **
{*##.###.c..C#,, ∆*
, ,,, ,**, , ...
#.cp.(#,, ,, , , ,
,,,* .#. #.....+
,,,,* , * , ,#.
.*#..c..+ , ,, , *
*##*###..(..#{
,*,,, , #.(.cC#** *
* ,, , * ** #...C.#
,* , * #.(..W# ***
* *


You could see a fire giant, a vault warden, a yaktaur captain, a deep elf death
mage, an ettin, 2 centaur warriors, a vault sentinel, a cyclops, an ironbrand
convoker, 3 yaktaurs and a lost soul.

Vanquished Creatures
  Saint Roka (Orc:2)
  Frances (D:12)
  Gastronok (D:12)
  A storm dragon (Vaults:1)
  8 nagarajas
  A frost giant (IceCv)
  Nessos (D:12)
  A great orb of eyes (Vaults:1)
  Josephine (D:12)
  An ogre mage (Orc:2)
  2 yaktaur captains (Vaults:1)
  5 hydras
  3 vault guards (D:14)
  19 naga warriors
  2 centaur warriors (D:15)
  7 anacondas
  A tengu warrior (D:15)
  10 death yaks
  A sun demon (Abyss:2)
  4 shock serpents
  7 naga sharpshooters
  Sonja (D:15)
  Nergalle (Orc:1)
  A sixfirhy (Abyss:2)
  A sea snake (Snake:3)
  4 salamander mystics
  A fire crab (shapeshifter) (D:15)
  4 unseen horrors
  A deep troll (Vaults:1)
  The ghost of azzavlup the Fighter, a novice TeBe of Trog (Bailey)
  A flayed ghost (Vaults:1)
  A skeletal warrior (D:15)
  4 hill giants
  5 naga ritualists (Snake:4)
  A wizard (D:14)
  The ghost of Mlkhall the Gusty, a novice OpAE of Vehumet (D:7)
  A phantasmal warrior (D:15)
  A harpy (Lair:6)
  4 orc knights (Orc:2)
  3 necromancers
  A wolf spider zombie (D:14)
  4 orc sorcerers (Orc:2)
  9 mana vipers
  7 slime creatures
  6 ugly things
  15 salamanders
  3 deep elf magi (D:15)
  2 fire giant zombies (D:15)
  2 cyclopes
  A manticore (Lair:6)
  Maurice (D:12)
  31 black mambas
  17 naga magi
  24 elephants
  5 centaur skeletons
  7 komodo dragons
  7 spiny frogs
  A yaktaur zombie (D:15)
  5 rime drakes
  A hellwing (Abyss:2)
  4 yaktaurs
  A guardian mummy (D:15)
  4 tengu conjurers (D:15)
  27 polar bears
  7 trolls
  3 two-headed ogres
  4 hornets (Lair:6)
  Grinder (D:5)
  Prince Ribbit (D:6)
  7 dream sheep (Lair:4)
  12 blink frogs
  A meliai zombie (D:13)
  7 hippogriffs
  A snapping turtle (Lair:3)
  A shadow (D:15)
  A spriggan skeleton (D:15)
  A large abomination (Abyss:2)
  5 wraiths
  3 centaur simulacra (D:15)
  Sigmund (D:2)
  A water elemental (D:15)
  Grum (D:9)
  47 yaks
  5 wyverns
  18 humans (D:14)
  5 hungry ghosts
  A chaos spawn (Abyss:2)
  4 basilisks
  8 vampire mosquitoes
  A steam dragon (D:13)
  Menkaure (D:5)
  70 nagas
  7 swamp worms (Lair:6)
  5 wargs
  13 water moccasins
  A soldier ant (D:9)
  11 porcupines
  Duvessa (D:5)
  2 slaves (D:4)
  A small abomination (Abyss:2)
  A meliai simulacrum (D:15)
  37 orc warriors
  9 ice beasts
  5 sky beasts
  A necrophage (D:10)
  2 black bears
  11 ogres
  A phantom (D:12)
  23 wolves
  12 centaurs
  18 bullfrogs
  7 crocodiles
  2 big kobolds
  Blork the orc (Orc:2)
  A gnoll sergeant (D:8)
  Dowan (D:5)
  8 scorpions
  A wyvern skeleton (D:8)
  16 killer bees
  2 electric eels
  7 crimson imps
  7 howler monkeys
  2 quasits
  2 bullfrog zombies (D:11)
  5 centaur zombies
  21 orc priests
  6 hounds
  28 orc wizards
  3 bullfrog skeletons
  10 jellies
  Natasha (thrice) (D:2)
  5 iguanas
  15 worker ants
  Terence (D:2)
  A hound zombie (D:6)
  2 hound skeletons
  A worker ant zombie (D:11)
  7 gnolls
  11 adders
  3 shadow imps
  10 white imps (D:15)
  5 oozes (D:9)
  2 adder zombies (D:9)
  6 worms
  2 dart slugs (D:1)
  117 orcs
  5 bats
  3 giant cockroaches
  6 goblins
  6 hobgoblins
  3 quokkas
  3 ball pythons
  2 frilled lizards
  A jackal zombie (D:7)
  21 kobolds
  12 rats
  25 plants
  A toadstool (D:1)
1088 creatures vanquished.

Vanquished Creatures (collateral kills)
  A hydra (Lair:4)
  An orc high priest (Orc:2)
  Pikel (D:5)
  A hill giant (D:10)
  A spiny frog (Lair:1)
  A komodo dragon (Lair:6)
  A polar bear (Lair:3)
  2 blink frogs (Lair:5)
  5 yaks
  A water moccasin (Lair:5)
  An orc warrior (Orc:2)
  A wolf (Lair:2)
  A crocodile (Lair:4)
  2 bullfrogs
  2 killer bees
  An orc priest (D:11)
  9 worms (Lair:6)
  3 orcs
35 creatures vanquished.

Vanquished Creatures (others)
  2 naga sharpshooters (Snake:4)
  A yaktaur (D:15)
  3 nagas
  An ice beast (D:5)
  A wolf (IceCv)
  4 white imps (D:15)
  An orc (Orc:2)
  13 fungi
  10 plants
  3 toadstools (D:1)
  A withered plant (D:15)
40 creatures vanquished.

Grand Total: 1163 creatures vanquished

Notes
Turn   | Place    | Note
-------+----------+-------------------------------------------
     0 | D:1      | dvd the Troll Warper began the quest for the Orb.
     0 | D:1      | Reached XP level 1. HP: 19/19 MP: 1/1
   292 | D:1      | Reached skill level 2 in Maces & Flails
   299 | D:1      | Reached XP level 2. HP: 28/28 MP: 3/3
   303 | D:1      | Learned a level 2 spell: Shroud of Golubria
   664 | D:1      | Reached XP level 3. HP: 30/35 MP: 1/4
   668 | D:1      | Learned a level 2 spell: Blink
   835 | D:2      | Noticed Natasha
   844 | D:2      | Killed Natasha
  1079 | D:2      | Noticed Natasha
  1096 | D:2      | Killed Natasha
  1096 | D:2      | Reached XP level 4. HP: 23/42 MP: 3/5
  1133 | D:2      | Noticed Terence
  1148 | D:2      | Killed Terence
  1148 | D:2      | Reached skill level 1 in Throwing
  1328 | D:2      | Noticed Natasha
  1336 | D:2      | Killed Natasha
  1336 | D:2      | Reached skill level 3 in Maces & Flails
  1360 | D:2      | Reached XP level 5. HP: 48/49 MP: 4/6
  1585 | D:2      | Found a runed door.
  1589 | D:2      | Noticed Crazy Yiuf
  1589 | D:2      | Noticed Sigmund
  2071 | D:2      | Killed Sigmund
  2071 | D:2      | Reached skill level 1 in Charms
  2071 | D:2      | Reached XP level 6. HP: 38/58 MP: 7/7
  2304 | D:2      | Learned a level 3 spell: Portal Projectile
  2737 | D:3      | Found an opulent altar of Gozag.
  3042 | D:4      | Found a shadowy altar of Dithmenos.
  3057 | D:4      | Reached skill level 4 in Maces & Flails
  3324 | D:4      | Reached XP level 7. HP: 51/66 MP: 2/8
  4170 | D:5      | Entered Level 5 of the Dungeon
  4199 | D:5      | Noticed Menkaure
  4282 | D:5      | Noticed Pikel
  4775 | D:5      | Noticed Duvessa
  4775 | D:5      | Noticed Dowan
  4791 | D:5      | Killed Duvessa
  4801 | D:5      | Killed Dowan
  4801 | D:5      | Reached skill level 5 in Maces & Flails
  4883 | D:5      | Noticed Grinder
  4926 | D:5      | Killed Grinder
  4926 | D:5      | Reached XP level 8. HP: 72/75 MP: 8/10
  4941 | D:5      | Learned a level 2 spell: Call Imp
  4998 | D:5      | Killed Pikel
  4998 | D:5      | Reached skill level 6 in Maces & Flails
  5007 | D:5      | Killed Menkaure
  6154 | D:6      | Noticed a troll
  6449 | D:6      | Found a burning altar of Makhleb.
  6450 | D:6      | Noticed a green death
  6508 | D:6      | Found a staircase to the Ecumenical Temple.
  6520 | Temple   | Entered the Ecumenical Temple
  6633 | Temple   | Became a worshipper of Ashenzari the Shackled
  6694 | D:6      | Found an ancient bone altar of Kikubaaqudgha.
  6722 | D:6      | Noticed a moth of wrath
  6724 | D:6      | Found a bloodstained altar of Trog.
  6923 | D:6      | Reached XP level 9. HP: 84/84 MP: 9/12
  7107 | D:5      | Killed a troll
  7193 | D:7      | Noticed Prince Ribbit
  7422 | D:7      | Found a flagged portal.
  7539 | D:7      | Reached skill level 1 in Summonings
  7580 | Bailey   | Entered a bailey
  7580 | Bailey   | Noticed azzavlup's ghost (novice TeBe)
  7613 | Bailey   | Killed azzavlup's ghost
  7613 | Bailey   | Reached skill level 7 in Maces & Flails
  7613 | Bailey   | Reached skill level 1 in Armour
  7856 | Bailey   | Noticed an orc knight
  7873 | Bailey   | Noticed an orc knight
  7979 | D:7      | Reached skill level 1 in Stealth
  8179 | D:7      | Noticed Mlkhall's ghost (novice OpAE)
  8223 | D:7      | Killed Mlkhall's ghost
  8426 | D:6      | Killed Prince Ribbit
  8426 | D:6      | Reached skill level 1 in Evocations
  8426 | D:6      | Reached XP level 10. HP: 67/93 MP: 13/15
  8464 | D:6      | Learned a level 3 spell: Teleport Other
  9102 | D:8      | Noticed a hill giant
  9112 | D:8      | Killed a hill giant
  9592 | D:8      | Reached * piety under Ashenzari
  9630 | D:8      | Gained mutation: You are somewhat resistant to further mutation. [potion of beneficial mutation]
  9637 | D:8      | Lost mutation: You are somewhat resistant to further mutation. [potion of cure mutation]
  9806 | D:9      | Found a radiant altar of Vehumet.
  9852 | D:9      | Noticed Grum
  9909 | D:9      | Killed Grum
  9938 | D:9      | Learned a level 1 spell: Sandblast
 10260 | D:9      | Found a glowing golden altar of the Shining One.
 10538 | D:9      | Reached skill level 5 in Dodging
 10866 | D:9      | Reached XP level 11. HP: 60/101 MP: 11/17
 10881 | D:9      | Reached skill level 8 in Maces & Flails
 11080 | D:9      | Found a staircase to the Lair.
 11092 | D:9      | Reached skill level 5 in Translocations
 11312 | D:9      | Reached skill level 5 in Spellcasting
 11324 | D:9      | Identified the +1 chain mail "Neqoafoe" {*Contam rCorr Str+2 Int+2}
 11356 | D:10     | Entered Level 10 of the Dungeon
 11555 | D:10     | Noticed a hill giant
 11568 | D:10     | Killed a hill giant
 11859 | D:10     | Reached ** piety under Ashenzari
 12339 | D:10     | Reached skill level 1 in Earth Magic
 12580 | Lair:1   | Entered Level 1 of the Lair of Beasts
 12857 | Lair:1   | Reached skill level 5 in Fighting
 13511 | Lair:1   | Learned a level 3 spell: Call Canine Familiar
 13677 | Lair:1   | Found a shattered altar of Ashenzari.
 13932 | Lair:2   | Identified the +2 ring mail "Toipnef" {rElec}
 14057 | Lair:2   | Learned a level 3 spell: Stone Arrow
 14363 | Lair:2   | Reached XP level 12. HP: 111/111 MP: 11/19
 14770 | Lair:3   | Reached *** piety under Ashenzari
 14894 | Lair:3   | Noticed a seven-headed hydra
 14909 | Lair:3   | Killed a seven-headed hydra
 15317 | Lair:3   | Reached skill level 9 in Maces & Flails
 15385 | Lair:3   | Learned a level 2 spell: Song of Slaying
 15387 | Lair:3   | Found a staircase to the Snake Pit.
 15567 | Lair:3   | Gained mutation: Your spells are a little easier to cast, but a little less powerful. [potion of mutation]
 15567 | Lair:3   | Gained mutation: Potions and wands are less effective at restoring your health. [potion of mutation]
 15567 | Lair:3   | Gained mutation: You are agile. (Dex +2) [potion of mutation]
 15591 | Lair:3   | Identified Ecateaxi's Handbook of Attacks
 15665 | Lair:3   | Found a staircase to the Shoals.
 17241 | Lair:4   | Noticed an eight-headed hydra
 17338 | Lair:4   | Reached XP level 13. HP: 120/120 MP: 22/22
 18176 | Lair:4   | Reached skill level 5 in Earth Magic
 18500 | Lair:4   | Reached **** piety under Ashenzari
 19604 | Lair:6   | Entered Level 6 of the Lair of Beasts
 20332 | Lair:6   | Reached skill level 10 in Maces & Flails
 20742 | Lair:6   | Reached XP level 14. HP: 133/133 MP: 24/24
 21570 | D:11     | Found a staircase to the Orcish Mines.
 21939 | D:11     | Reached skill level 1 in Conjurations
 21939 | D:11     | Reached skill level 5 in Summonings
 21939 | D:11     | Reached XP level 15. HP: 140/140 MP: 24/26
 22155 | D:12     | Noticed Maurice
 22162 | D:12     | Killed Maurice
 22273 | D:11     | Gained mutation: You are weak. (Str -2) [mutagenic meat]
 22274 | D:11     | Gained mutation: You are dopey. (Int -2) [mutagenic meat]
 22275 | D:11     | Gained mutation: You are somewhat resistant to further mutation. [mutagenic meat]
 22447 | D:12     | Noticed Frances
 22448 | D:12     | Noticed Gastronok
 22502 | D:12     | Killed Frances
 22657 | D:12     | Killed Gastronok
 22923 | D:12     | Noticed Nessos
 22928 | D:12     | Noticed Josephine
 23232 | D:12     | Learned a level 4 spell: Force Lance
 23259 | D:12     | Killed Nessos
 23348 | D:12     | Killed Josephine
 23348 | D:12     | Reached skill level 5 in Charms
 23594 | Orc:1    | Entered Level 1 of the Orcish Mines
 23779 | Orc:1    | Reached ***** piety under Ashenzari
 23782 | Orc:1    | Noticed Nergalle
 23811 | Orc:1    | Killed Nergalle
 23957 | Orc:1    | Found a roughly hewn altar of Beogh.
 24196 | Orc:1    | Found an iron altar of Okawaru.
 24335 | Orc:2    | Entered Level 2 of the Orcish Mines
 24373 | Orc:2    | Found a staircase to the Elven Halls.
 24515 | Orc:2    | Noticed Saint Roka
 24675 | Orc:2    | Paralysed by an orc sorcerer for 5 turns
 24803 | Orc:2    | Found a roughly hewn altar of Beogh.
 24975 | Orc:2    | Found Ymink's Jewellery Shoppe.
 24980 | Orc:2    | Bought the brooch of Shielding {Reflect SH+8} for 448 gold pieces
 25062 | Orc:2    | Noticed Blork the orc
 25117 | Orc:2    | Reached skill level 11 in Maces & Flails
 25117 | Orc:2    | Reached skill level 5 in Armour
 25448 | Orc:2    | Found a roughly hewn altar of Beogh.
 25528 | Orc:2    | Killed Blork the orc
 25688 | Orc:2    | Killed Saint Roka
 25727 | Orc:2    | Found Rikhupha's Antique Weapon Shoppe.
 25749 | Orc:2    | Found Zoeme's Antique Armour Shoppe.
 25811 | Orc:2    | Found Nogroxu's Book Shoppe.
 25840 | Orc:2    | Found Funoddel's General Store.
 25846 | Orc:2    | Bought a scroll of remove curse for 33 gold pieces
 25897 | Orc:2    | Bought a +5 ring of protection for 770 gold pieces
 26183 | Orc:2    | Bought a book of Minor Magic for 300 gold pieces
 26186 | Orc:2    | Learned a level 2 spell: Repel Missiles
 26541 | Snake:1  | Entered Level 1 of the Snake Pit
 26820 | D:12     | Learned a level 3 spell: Lesser Beckoning
 27491 | Snake:1  | Identified the +9 great sword of the Final Decision {venom, Dex+2}
 27772 | Snake:1  | Reached XP level 16. HP: 52/150 MP: 20/27
 29261 | Snake:1  | Reached skill level 1 in Shields
 29538 | D:13     | Gained mutation: Potions and wands are poor at restoring your health. [mutagenic meat]
 30295 | D:13     | Lost mutation: You are agile. (Dex +2) [mutagenic meat]
 30340 | D:13     | Gained mutation: You heal very quickly. [mutagenic meat]
 30372 | D:13     | Gained mutation: You are agile. (Dex +2) [mutagenic meat]
 30776 | D:14     | Cast into level 2 of the Abyss (a wizard)
 31117 | Abyss:2  | Found a corrupted altar of Lugonu.
 31129 | D:14     | Escaped the Abyss
 31302 | D:14     | Found a gate to the Vaults.
 31368 | D:14     | Reached ****** piety under Ashenzari
 31457 | D:14     | Found a viscous altar of Jiyva.
 32672 | Snake:3  | Reached skill level 12 in Maces & Flails
 33742 | Snake:4  | Entered Level 4 of the Snake Pit
 34195 | Snake:4  | Reached XP level 17. HP: 102/161 MP: 9/29
 37838 | Snake:4  | Got a serpentine rune of Zot
 37910 | Snake:4  | Upgraded the game from 0.19.0-19-g8c6edcc to 0.19.0-20-gbc5f0c6
 38348 | D:15     | Entered Level 15 of the Dungeon
 38780 | D:15     | Found a frozen archway.
 38873 | IceCv    | Entered an ice cave
 39025 | IceCv    | Reached skill level 1 in Air Magic
 39114 | IceCv    | Identified a scroll of acquirement
 39114 | IceCv    | Identified the cursed ring of the Ban {rN+ MR+ MP+9} (You acquired it in an ice cave)
 39233 | IceCv    | Reached skill level 10 in Dodging
 39428 | IceCv    | Reached skill level 5 in Shields
 39439 | IceCv    | Reached XP level 18. HP: 170/174 MP: 22/30
 39542 | IceCv    | Identified the +6 halberd of Change {speed, rC+}
 39895 | D:15     | Noticed Sonja
 39901 | D:15     | Killed Sonja
 40050 | D:14     | Gained mutation: You occasionally shout uncontrollably at your foes. [mutagenic meat]
 40434 | D:15     | Found a staircase to the Depths.
 40552 | D:15     | Found a radiant altar of Vehumet.
 40912 | Vaults:1 | Entered Level 1 of the Vaults
 41091 | Vaults:1 | Reached skill level 10 in Fighting
 41207 | Vaults:1 | Paralysed by a great orb of eyes for 3 turns
 41261 | Vaults:1 | HP: 6/174 [centaur warrior/arrow (13)]
 41262 | Vaults:1 | Shot with an arrow by a centaur warrior

Skill      XL: |  1  2  3  4  5  6  7  8  9 10 11 12 13 14 15 16 17 18 |
---------------+-------------------------------------------------------+-----
Dodging        | 2 3 4 5 6 7 8 9 10 | 10.3
Maces & Flails | 2 3 4 5 6 7 8 9 10 11 12 | 12.6
Throwing       | 1 2 3 |  3.9
Fighting       | 2 3 4 5 7 8 9 10 | 10.1
Charms         | 1 2 3 4 5 6 |  6.4
Spellcasting   | 2 3 4 5 6 7 8 9 |  9.9
Translocations | 3 4 5 6 7 8 |  8.2
Summonings     | 1 2 3 4 5 |  5.6
Armour         | 2 3 4 5 |  5.8
Stealth        | 1 2 3 4 |  4.2
Evocations     | 1 2 |  2.4
Earth Magic    | 2 4 5 |  5.8
Conjurations   | 1 2 |  2.1
Shields        | 2 5 |  5.0
Air Magic      | 1 |  1.0

Action                   |  1- 3 |  4- 6 |  7- 9 | 10-12 | 13-15 | 16-18 || total
-------------------------+-------+-------+-------+-------+-------+-------++-------
Melee: Mace              |    69 |   168 |   190 |       |       |       ||   427
       Whip              |       |       |   288 |  1355 |  1487 |  2948 ||  6078
       Morningstar       |       |       |       |     2 |       |       ||     2
Throw: Tomahawk          |     2 |     3 |       |     9 |    47 |    73 ||   134
       Stone             |       |       |     5 |       |     1 |       ||     6
 Cast: Shroud of Golubri |     6 |    21 |    52 |   101 |    97 |    83 ||   360
       Portal Projectile |       |       |     1 |     1 |     8 |    11 ||    21
       Call Imp          |       |       |    16 |    56 |    21 |    11 ||   104
       Blink             |       |       |    13 |    18 |    38 |    13 ||    82
       Sandblast         |       |       |       |    25 |       |       ||    25
       Call Canine Famil |       |       |       |    26 |    50 |    13 ||    89
       Teleport Other    |       |       |       |     1 |     6 |     2 ||     9
       Stone Arrow       |       |       |       |     3 |    15 |    71 ||    89
       Song of Slaying   |       |       |       |     1 |    31 |    33 ||    65
       Repel Missiles    |       |       |       |       |     3 |    28 ||    31
       Lesser Beckoning  |       |       |       |       |     3 |    19 ||    22
       Force Lance       |       |       |       |       |     2 |    10 ||    12
Invok: Curse Item        |       |       |       |     2 |     4 |     1 ||     7
Evoke: Wand              |       |       |    15 |    14 |    10 |    18 ||    57
  Use: Potion            |       |     1 |     3 |    14 |    12 |     3 ||    33
       Scroll            |       |     8 |    11 |     5 |    11 |     9 ||    44
 Stab: Sleeping          |       |       |     2 |     6 |     5 |     9 ||    22
       Distracted        |       |       |     1 |     1 |     3 |     3 ||     8
       Paralysed         |       |       |       |     7 |    11 |    18 ||    36
       Invisible         |       |       |       |       |     2 |       ||     2
  Eat: Chunk             |    16 |    21 |    55 |    92 |   108 |   114 ||   406
       Pizza             |       |       |       |       |     1 |     1 ||     2
       Royal jelly       |       |       |       |       |       |    13 ||    13
       Meat ration       |       |       |       |       |       |     2 ||     2
       Beef jerky        |       |       |       |       |       |     1 ||     1
Armor: Robe              |    26 |    51 |    82 |       |       |       ||   159
       Troll leather arm |       |       |    39 |   378 |   353 |   534 ||  1304
Dodge: Dodged            |    34 |   103 |   247 |   567 |   675 |   979 ||  2605
       Deflected         |       |       |       |       |     9 |    92 ||   101
Block: Other             |       |       |       |       |    92 |   670 ||   762
       Reflection        |       |       |       |       |    16 |    60 ||    76
